 Dungeon Crawl Stone Soup version 0.29.0-15-g675c0067aa (webtiles) character file.

Game seed: 2874009270356522561

25 qw the Chopper (level 2, -1/26 HPs)
             Began as a Minotaur Berserker on Sept 12, 2022.
             Was a Follower of Trog.
             Killed from afar by an orc wizard (7 damage)
             ... with a magic dart
             ... on level 4 of the Dungeon.
             The game lasted 00:00:22 (1502 turns).

qw the Chopper (Minotaur Berserker)                 Turns: 1502, Time: 00:00:22

Health: -1/26      AC:  2    Str: 21    XL:     2   Next: 86%
Magic:  1/1        EV: 12    Int:  4    God:    Trog [*.....]
Gold:   101        SH:  0    Dex:  9    Spells: 1/1 levels left

rFire   . . .      SeeInvis .   Y - +0 hand axe
rCold   . . .      Faith    .   (no shield)
rNeg    . . .      Spirit   .   b - +0 animal skin
rPois   .          Reflect  .   (helmet restricted)
rElec   .          Harm     .   (no cloak)
rCorr   .          Rampage  .   (no gloves)
Will    .....                   (no boots)
Stlth   +.........              (no amulet)
HPRegen 0.08/turn               (no ring)
MPRegen 0.07/turn               (no ring)

@: no status effects
A: horns 2, retaliatory headbutt
a: Renounce Religion, Berserk


You were on level 4 of the Dungeon.
You worshipped Trog.
Trog was aware of your devotion.
You visited 1 branch of the dungeon, and saw 3 of its levels.

You collected 101 gold pieces.


Innate Abilities, Weirdness & Mutations

You have a pair of horns on your head.
You reflexively headbutt those who attack you in melee.


   Skills:
 - Level 3.6 Fighting
 + Level 5.0 Axes
 - Level 2.4 Armour
 - Level 2.1 Dodging


You had one spell level left.
You didn't know any spells.
Your spell library was empty.

Inventory:

Hand Weapons
 d - a +0 club
 Y - a +0 hand axe (weapon)
Armour
 b - a +0 animal skin (worn)
Potions
 c - a potion of ambrosia {unknown}
 e - a potion of experience {unknown}

Dungeon Overview and Level Annotations

Branches:
Dungeon (2/15)

Altars:
The Shining One


Message History

As you read the scroll labelled APECE CEECEL, it crumbles to dust.
You feel strangely unstable.
It was a scroll of teleportation.
A kobold is nearby!
A kobold is nearby!
A kobold is nearby!
Your surroundings suddenly seem different.
An endoplasm, an orc wizard and an orc come into view.
The endoplasm quivers.
An orc comes into view. It is wielding a +0 short sword.
Enter note: An orc wizard comes into view.
It is wielding a +0 dagger.
The orc shouts!
The orc wizard shouts!
Found an escape hatch in the ceiling.
The orc shouts!
An endoplasm comes into view.
The orc wizard points at you and mumbles some strange words.
You are confused.
You closely miss the orc wizard. The orc attacks as you move away!
The orc barely misses you. The orc attacks as you move away!
The orc barely misses you. The orc attacks as you move away!
The orc hits you with a +0 hand axe.
The orc wizard points at you and mumbles some strange words.
The magic dart hits you. The orc hits you with a +0 short sword.
The orc attacks as you move away! The orc closely misses you.
The endoplasm hits you.
You're too confused to move!
The endoplasm misses you. The orc misses you.
You're too confused to move!
You feel less confused. The orc barely misses you. The endoplasm freezes you.
You are frozen.
The orc wizard barely misses you. x2
The orc hits you with a +0 hand axe.
1502 ||| INVOKING Berserk.
You fail to use your ability.
The orc barely misses you. The endoplasm freezes you.
You are frozen.
The orc barely misses you. The orc wizard barely misses you.
The orc wizard casts a spell at you. The magic dart hits you!
You die...

# #########
#<###.......#
............#
............#
............#
............#
........oo..#
.......JJ@o.#
........o...#
#.###.##.##.#
# #.. #.. .#
.... ... ..
##.. .... J..
#. ..#.....##
#.... .##


You could see 2 orc wizards, 2 orcs and 2 endoplasms.

Vanquished Creatures
  An adder (D:2)
  A bat (D:1)
  3 endoplasms
  A giant cockroach (D:1)
  2 goblins
  6 ball pythons
  A frilled lizard (D:1)
  A kobold (D:2)
  A rat (D:1)
17 creatures vanquished.

Notes
Turn   | Place    | Note
-------+----------+-------------------------------------------
     0 | D:1      | qw the Minotaur Berserker began the quest for the Orb.
     0 | D:1      | Reached XP level 1. HP: 19/19 MP: 0/0
     0 | D:1      | 0 ||| qw: Version: 0.1-a-119-g272c26d
     0 | D:1      | 0 ||| qw: Game counter: 10967
     0 | D:1      | 0 ||| qw: Always use a shield: true
     0 | D:1      | 0 ||| qw: Do Orc after D:15 true
     0 | D:1      | 0 ||| qw: Do second Lair branch before Depths: true
     0 | D:1      | 0 ||| qw: Lair rune preference: random
     0 | D:1      | 0 ||| qw: Plans: Normal
     0 | D:1      | 0 ||| PLANNING D:1-11
   207 | D:1      | Reached skill level 4 in Axes
   464 | D:1      | Found a faded altar of an unknown god.
   645 | D:1      | Reached XP level 2. HP: 26/26 MP: 1/1
  1113 | D:1      | 1113 ||| READING scroll labelled KISIAP ZEFFYUFYR.
  1114 | D:1      | 1114 ||| READING 2 scrolls labelled DAXZAL EWUUVE.
  1115 | D:1      | 1115 ||| READING scroll labelled GOUSYR WOHAPHA.
  1116 | D:1      | 1116 ||| READING scroll labelled DEBUOF ERYSM.
  1117 | D:1      | 1117 ||| DROPPING scroll of magic mapping.
  1228 | D:2      | 1228 ||| Stepping ~*~*~tactically~*~*~ (stealth).
  1230 | D:2      | 1230 ||| Stepping ~*~*~tactically~*~*~ (stealth).
  1377 | D:2      | Reached skill level 5 in Axes
  1463 | D:2      | You fall into a shaft and drop 2 floors!
  1463 | D:4      | Found a glowing golden altar of the Shining One.
  1467 | D:4      | 1467 ||| READING scroll labelled QONTEDGH WUING.
  1468 | D:4      | 1468 ||| Stepping randomly (stuck).
  1469 | D:4      | 1469 ||| Stepping randomly (stuck).
  1470 | D:4      | 1470 ||| Stepping randomly (stuck).
  1489 | D:4      | 1489 ||| READING scroll labelled APECE CEECEL.
  1502 | D:4      | 1502 ||| INVOKING Berserk.
  1502 | D:4      | HP: 6/26 [frozen (2)]
  1502 | D:4      | Killed from afar by an orc wizard

Levels and vault maps discovered:
D:1:      dpeg_arrival_oval, layout_basic, nicolae_ecumenical_lake_church
D:2:      layout_basic, uniq_crazy_yiuf_cottage
D:4:      layout_loops_cross, amcnicky_altar_gilded, uniq_eustachio

Skill      XL: |  1  2 |
---------------+-------+-----
Axes           | 4 5 |  5.0
Fighting       | |  3.6
Armour         | |  2.4
Dodging        | |  2.1

Action                   || total
-------------------------++-------
Melee: Hand axe          ||    41
       Headbutt          ||     5
  Use: Scroll            ||     6
Armor: Animal skin       ||    10
Dodge: Dodged            ||    33

Table legend:
 A = Non-vault XP
 B = Vault XP
 C = Vault XP percentage of total XP
 D = Non-vault monster count
 E = Vault monster count
 F = Vault count percentage of total count
                 A         B        C        D         E       F
            +---------+---------+-------+---------+---------+-------
      Total |      37 |       0 |   0.0 |      17 |       0 |   0.0
            +---------+---------+-------+---------+---------+-------
        D:1 |      18 |       0 |   0.0 |      12 |       0 |   0.0
        D:2 |      18 |       0 |   0.0 |       4 |       0 |   0.0
        D:4 |       1 |       0 |   0.0 |       1 |       0 |   0.0
            +---------+---------+-------+---------+---------+-------
